[ AOE2 MATCH · #481836601 ]
1v1 RMTurks vs Teutons
Player's team · WIN
Rival team · LOSS
[ REPLAY ANALYSIS · EXTRACTED FROM THE RECORDED GAME ]
Feudal
15:38
Castle
24:10
Imperial
—
| APM avg | 15.6 |
| APM peak | 38 |
| eAPM avg | 9.9 |
| Villagers / military | 57 / 17 |
Focus
⚔️ 28.2% · 🌾 71.8%
Spearman ×8 · Janissary ×5 · Skirmisher ×4
Feudal
14:37
Castle
—
Imperial
—
| APM avg | 12.6 |
| APM peak | 40 |
| eAPM avg | 5.3 |
| Villagers / military | 41 / 19 |
Focus
⚔️ 15.1% · 🌾 84.9%
Militia ×19
Match map
Initial resources + every placement click. Lines = walls · curves = elevation contours. ◆ gold · ⬟ stone · ● berries · ✦ relic · ◌ wall gap
Your base· ✓ Closed at 24:10 · 44t walls · 3 gate(s)
Aleksso's base· ✓ Closed at 12:00 · 0t walls · 2 gate(s)
Smoothed initial terrain · ◌ = detected wall gap · hover for details
Inputs per minute
— FOXY_KING49 - - Aleksso
Build order — FOXY_KING49
First 150 of 189 actions detected
| 0:21 | Build | House |
| 0:22 | Build | House |
| 0:23 | Build | House |
| 0:27 | Create | Villager (Male) |
| 0:27 | Research | Loom |
| 0:54 | Create | Villager (Male) |
| 0:55 | Create | Villager (Male) |
| 0:55 | Create | Villager (Male) |
| 1:07 | Build | Mill |
| 2:15 | Create | Villager (Male) |
| 3:06 | Create | Villager (Male) |
| 3:52 | Create | Villager (Male) |
| 3:53 | Create | Villager (Male) |
| 4:17 | Create | Villager (Male) |
| 4:50 | Create | Villager (Male) |
| 4:50 | Create | Villager (Male) |
| 5:03 | Create | Villager (Male) |
| 5:18 | Create | Villager (Male) |
| 5:19 | Create | Villager (Male) |
| 5:43 | Create | Villager (Male) |
| 6:16 | Create | Villager (Male) |
| 6:16 | Create | Villager (Male) |
| 6:22 | Build | Lumber Camp |
| 6:34 | Create | Villager (Male) |
| 6:47 | Create | Villager (Male) |
| 6:48 | Create | Villager (Male) |
| 6:59 | Build | House |
| 7:12 | Create | Villager (Male) |
| 7:20 | Build | Farm |
| 7:23 | Create | Villager (Male) |
| 7:37 | Build | Palisade Wall |
| 7:38 | Build | Palisade Wall |
| 7:39 | Build | Palisade Wall |
| 7:41 | Build | Palisade Wall |
| 7:55 | Create | Villager (Male) |
| 8:14 | Build | Farm |
| 8:46 | Build | Farm |
| 8:57 | Build | Palisade Wall |
| 8:57 | Build | Palisade Wall |
| 8:58 | Build | Palisade Wall |
| 8:59 | Build | Palisade Wall |
| 9:01 | Build | Palisade Wall |
| 9:02 | Build | Palisade Wall |
| 9:29 | Create | Villager (Male) |
| 9:30 | Create | Villager (Male) |
| 9:34 | Build | House |
| 9:35 | Build | House |
| 10:06 | Build | Farm |
| 10:09 | Create | Villager (Male) |
| 10:09 | Create | Villager (Male) |
| 10:25 | Build | Palisade Wall |
| 10:26 | Build | Palisade Wall |
| 10:28 | Build | Palisade Wall |
| 10:36 | Build | Palisade Wall |
| 10:37 | Build | Palisade Wall |
| 10:38 | Build | Palisade Wall |
| 10:40 | Build | Palisade Wall |
| 10:42 | Build | Palisade Wall |
| 11:04 | Build | Palisade Wall |
| 11:05 | Build | Palisade Wall |
| 11:06 | Build | Palisade Wall |
| 11:07 | Build | Palisade Wall |
| 11:08 | Build | Palisade Wall |
| 11:21 | Create | Villager (Male) |
| 11:21 | Create | Villager (Male) |
| 11:46 | Build | Farm |
| 11:49 | Create | Villager (Male) |
| 11:59 | Build | Palisade Wall |
| 12:01 | Build | Palisade Wall |
| 12:02 | Build | Palisade Wall |
| 12:03 | Build | Palisade Wall |
| 12:06 | Build | Palisade Wall |
| 12:08 | Build | Palisade Wall |
| 12:17 | Build | Barracks |
| 12:25 | Research | Feudal Age |
| 12:34 | Build | Farm |
| 12:43 | Build | Farm |
| 12:49 | Build | Mining Camp |
| 12:56 | Build | Farm |
| 12:58 | Build | Farm |
| 13:03 | Build | Farm |
| 13:04 | Build | Farm |
| 13:14 | Build | Palisade Wall |
| 13:15 | Build | Palisade Wall |
| 13:16 | Build | Palisade Wall |
| 13:18 | Build | Palisade Wall |
| 13:19 | Build | Palisade Wall |
| 13:20 | Build | Palisade Wall |
| 13:26 | Build | Palisade Wall |
| 13:27 | Build | Palisade Wall |
| 13:28 | Build | Palisade Wall |
| 13:29 | Build | Palisade Wall |
| 13:31 | Build | Palisade Wall |
| 13:45 | Build | Farm |
| 13:46 | Build | Farm |
| 13:49 | Create | Villager (Male) |
| 13:49 | Create | Villager (Male) |
| 13:50 | Create | Villager (Male) |
| 13:50 | Create | Villager (Male) |
| 13:50 | Create | Villager (Male) |
| 13:55 | Create | Villager (Male) |
| 13:55 | Create | Villager (Male) |
| 13:55 | Create | Villager (Male) |
| 14:32 | Build | House |
| 14:33 | Build | House |
| 14:41 | Build | Palisade Wall |
| 14:42 | Build | Palisade Wall |
| 14:44 | Build | Palisade Wall |
| 15:12 | Build | Mill |
| 15:38 | Age | Feudal Age |
| 15:41 | Build | Archery Range |
| 15:43 | Create | Spearman |
| 15:44 | Create | Spearman |
| 15:50 | Research | Double-Bit Axe |
| 15:53 | Research | Stone Mining |
| 16:02 | Create | Spearman |
| 16:15 | Build | Farm |
| 16:22 | Build | House |
| 16:23 | Build | House |
| 16:40 | Create | Spearman |
| 16:54 | Create | Spearman |
| 16:58 | Create | Skirmisher |
| 16:59 | Create | Skirmisher |
| 17:00 | Create | Skirmisher |
| 17:13 | Create | Villager (Male) |
| 17:15 | Build | Farm |
| 18:03 | Create | Spearman |
| 18:20 | Build | Archery Range |
| 18:35 | Build | Blacksmith |
| 18:42 | Build | Mining Camp |
| 18:45 | Create | Villager (Male) |
| 18:46 | Create | Villager (Male) |
| 18:46 | Create | Villager (Male) |
| 18:59 | Build | Farm |
| 19:12 | Research | Gold Mining |
| 19:23 | Create | Skirmisher |
| 19:51 | Build | House |
| 19:52 | Build | House |
| 19:53 | Build | House |
| 20:10 | Build | Farm |
| 20:11 | Build | Farm |
| 20:12 | Build | Farm |
| 20:24 | Build | Mining Camp |
| 20:40 | Create | Villager (Male) |
| 20:41 | Create | Villager (Male) |
| 21:15 | Research | Castle Age |
| 22:11 | Create | Villager (Male) |
| 22:12 | Create | Villager (Male) |
| 22:12 | Create | Villager (Male) |
| 22:12 | Create | Villager (Male) |
Build order — Aleksso
66 actions detected in the replay
| 0:06 | Build | House |
| 0:12 | Build | House |
| 0:46 | Create | Villager (Male) ×4 |
| 3:52 | Build | Lumber Camp |
| 4:00 | Create | Villager (Male) ×5 |
| 4:00 | Create | Villager (Male) ×5 |
| 6:03 | Build | House |
| 6:49 | Build | Mill |
| 7:12 | Create | Villager (Male) ×5 |
| 7:12 | Create | Villager (Male) ×5 |
| 10:30 | Build | Mining Camp |
| 10:50 | Create | Villager (Male) |
| 10:50 | Create | Villager (Male) |
| 11:33 | Build | Barracks |
| 11:34 | Build | Barracks |
| 12:27 | Research | Feudal Age |
| 14:37 | Age | Feudal Age |
| 14:39 | Research | Wheelbarrow |
| 14:39 | Create | Villager (Male) ×2 |
| 15:28 | Research | Double-Bit Axe |
| 15:45 | Build | Stable |
| 15:49 | Build | Stable |
| 17:14 | Build | Blacksmith |
| 17:21 | Build | Market |
| 17:58 | Build | House |
| 17:59 | Build | House |
| 18:16 | Build | Farm |
| 18:16 | Build | Farm |
| 18:16 | Build | Farm |
| 18:16 | Build | Farm |
| 18:17 | Build | Farm |
| 18:19 | Build | Farm |
| 18:19 | Build | Farm |
| 18:20 | Build | Farm |
| 18:40 | Research | Town Watch |
| 18:54 | Create | Villager (Male) ×4 |
| 18:54 | Create | Villager (Male) ×4 |
| 19:25 | Build | Farm |
| 19:26 | Build | Farm |
| 19:40 | Build | Farm |
| 19:50 | Research | Horse Collar |
| 20:11 | Build | Farm |
| 20:30 | Build | Farm |
| 20:39 | Research | Forging |
| 20:39 | Research | Scale Mail Armor |
| 20:54 | Build | Farm |
| 21:22 | Build | Farm |
| 21:23 | Build | Farm |
| 21:24 | Build | Farm |
| 21:25 | Build | Farm |
| 21:44 | Create | Villager (Male) ×5 |
| 22:04 | Build | House |
| 22:24 | Build | Farm |
| 23:23 | Build | Watch Tower |
| 23:34 | Research | Arson |
| 23:35 | Research | Man-at-Arms (upgrade) |
| 23:40 | Research | Bloodlines |
| 23:45 | Research | Scale Barding Armor |
| 23:52 | Research | Fletching |
| 25:57 | Create | Militia ×5 |
| 25:57 | Create | Militia ×5 |
| 25:58 | Create | Militia ×5 |
| 25:58 | Create | Militia ×4 |
| 26:38 | Build | House |
| 26:39 | Build | House |
| 26:43 | Build | House |
Match timeline
| 7:37 | FOXY_KING49 · wall_segment Palisade Wall x1 |
| 7:38 | FOXY_KING49 · wall_segment Palisade Wall x1 |
| 7:39 | FOXY_KING49 · wall_segment Palisade Wall x1 |
| 7:41 | FOXY_KING49 · wall_segment Palisade Wall x1 |
| 8:57 | FOXY_KING49 · wall_segment Palisade Wall x2 |
| 8:57 | FOXY_KING49 · wall_segment Palisade Wall x1 |
| 8:58 | FOXY_KING49 · wall_segment Palisade Wall x1 |
| 8:59 | FOXY_KING49 · wall_segment Palisade Wall x1 |
| 9:01 | FOXY_KING49 · wall_segment Palisade Wall x1 |
| 9:02 | FOXY_KING49 · wall_segment Palisade Wall x1 |
| 10:25 | FOXY_KING49 · wall_segment Palisade Wall x1 |
| 10:26 | FOXY_KING49 · wall_segment Palisade Wall x1 |
| 10:28 | FOXY_KING49 · wall_segment Palisade Wall x1 |
| 10:36 | FOXY_KING49 · wall_segment Palisade Wall x1 |
| 10:37 | FOXY_KING49 · wall_segment Palisade Wall x1 |
| 10:38 | FOXY_KING49 · wall_segment Palisade Wall x1 |
| 10:40 | FOXY_KING49 · wall_segment Palisade Wall x1 |
| 10:42 | FOXY_KING49 · wall_segment Palisade Wall x1 |
| 11:04 | FOXY_KING49 · wall_segment Palisade Wall x1 |
| 11:05 | FOXY_KING49 · wall_segment Palisade Wall x1 |
| 11:06 | FOXY_KING49 · wall_segment Palisade Wall x1 |
| 11:07 | FOXY_KING49 · wall_segment Palisade Wall x1 |
| 11:08 | FOXY_KING49 · wall_segment Palisade Wall x1 |
| 11:33 | Aleksso · first_building Barracks |
| 11:59 | FOXY_KING49 · wall_segment Palisade Wall x1 |
| 12:01 | FOXY_KING49 · wall_segment Palisade Wall x1 |
| 12:02 | FOXY_KING49 · wall_segment Palisade Wall x1 |
| 12:03 | FOXY_KING49 · wall_segment Palisade Wall x1 |
| 12:06 | FOXY_KING49 · wall_segment Palisade Wall x1 |
| 12:08 | FOXY_KING49 · wall_segment Palisade Wall x1 |
| 12:17 | FOXY_KING49 · first_building Barracks |
| 13:14 | FOXY_KING49 · wall_segment Palisade Wall x1 |
| 13:15 | FOXY_KING49 · wall_segment Palisade Wall x1 |
| 13:16 | FOXY_KING49 · wall_segment Palisade Wall x1 |
| 13:18 | FOXY_KING49 · wall_segment Palisade Wall x1 |
| 13:19 | FOXY_KING49 · wall_segment Palisade Wall x1 |
| 13:20 | FOXY_KING49 · wall_segment Palisade Wall x1 |
| 13:26 | FOXY_KING49 · wall_segment Palisade Wall x1 |
| 13:27 | FOXY_KING49 · wall_segment Palisade Wall x1 |
| 13:28 | FOXY_KING49 · wall_segment Palisade Wall x1 |
| 13:29 | FOXY_KING49 · wall_segment Palisade Wall x1 |
| 13:31 | FOXY_KING49 · wall_segment Palisade Wall x1 |
| 14:37 | Aleksso · age_up feudal |
| 14:41 | FOXY_KING49 · wall_segment Palisade Wall x1 |
| 14:42 | FOXY_KING49 · wall_segment Palisade Wall x1 |
| 14:44 | FOXY_KING49 · wall_segment Palisade Wall x1 |
| 15:38 | FOXY_KING49 · age_up feudal |
| 15:41 | FOXY_KING49 · first_building Archery Range |
| 15:45 | Aleksso · first_building Stable |
| 24:10 | FOXY_KING49 · age_up castle |
| 24:27 | FOXY_KING49 · first_building Castle |
| 25:32 | FOXY_KING49 · first_building Siege Workshop |
| 27:38 | Aleksso · resign |
[ AI ANALYSIS · 1 CREDIT ]
What really happened in this match?
Wolo.gg analyzes every decision: build order, eco, micro, common mistakes by bracket. Personalized analysis on WhatsApp or Discord in 30 seconds.
Civ guide
Turks
Map guide
Arena
Perfil
FOXY_KING49